 Dungeon Crawl Stone Soup version 0.24-a0-378-g94936e539c (webtiles) character file.

Game seed: 4228168680108324501

81 ohad the Insei (level 4, -17/28 HPs)
             Began as an Octopode Transmuter on June 1, 2019.
             Shot with an arrow by a centaur (18 damage)
             ... on level 2 of the Dungeon.
             The game lasted 00:04:24 (1683 turns).

ohad the Insei (Octopode Transmuter)                Turns: 1683, Time: 00:04:25

Health: -17/28     AC:  1    Str:  9    XL:     4   Next: 40%
Magic:  7/8        EV: 13    Int: 16    God:
Gold:   102        SH:  0    Dex: 12    Spells: 3/9 levels left

rFire    . . .     SeeInvis .   g - +0 dagger (elec)
rCold    . . .     Gourm    .   (no shield)
rNeg     . . .     Faith    .   (helmet restricted)
rPois    .         Spirit   .   (no amulet)
rElec    .         Reflect  .   (no ring)
rCorr    .         Harm     .   (no ring)
MR       .....                  (no ring)
Stlth    ++........             (no ring)
HPRegen  0.09/turn              (no ring)
MPRegen  0.11/turn              (no ring)
                                (no ring)
                                (no ring)

@: appendage, hasted, very quick
A: almost no armour, stealthy swim, amphibious, 8 rings, constrict 8, tentacle
spike 3, camouflage 1, gelatinous body 1
a: End Transformation


You were on level 2 of the Dungeon.
You were not hungry.
One of your tentacles had a temporary spike.
You visited 1 branch of the dungeon, and saw 2 of its levels.

You collected 102 gold pieces.

Inventory:

Hand Weapons
 g - a +0 dagger of electrocution (weapon)
Missiles
 a - 12 arrows
Armour
 j - a +0 buckler
Scrolls
 b - a scroll of blinking {unknown}
 d - 2 scrolls of amnesia
 e - 2 scrolls of random uselessness {unknown}
 f - 2 scrolls of remove curse
 h - a scroll of teleportation {unknown}
 l - a scroll of identify {unknown}
 n - a scroll of enchant weapon {unknown}
Potions
 k - a potion of brilliance {unknown}
 m - a potion of haste
Comestibles
 c - 5 rations
 i - 2 chunks of flesh


   Skills:
 * Level 1.4 Fighting
 * Level 2.3 Dodging
 + Level 3.3 Unarmed Combat
 - Level 3.0 Spellcasting
 - Level 3.0 Transmutations


You had 3 spell levels left.
You knew the following spells:

 Your Spells              Type           Power        Failure   Level  Hunger
a - Beastly Appendage     Tmut           ##....       5%          1    #......
b - Sticks to Snakes      Tmut           ##......     9%          2    ##.....
c - Spider Form           Tmut/Pois      #.........   30%         3    ###....

Your spell library contained the following spells:

 Spells                   Type           Power        Failure   Level  Hunger
 Ice Form                 Ice/Tmut       #.......     69%         4    #####..
 Blade Hands              Tmut           ##........   83%         5    ######.


Dungeon Overview and Level Annotations

Branches:
Dungeon (2/15)

Altars:


Innate Abilities, Weirdness & Mutations

You cannot wear most types of armour.
You are very stealthy in the water. (Stealth+)
You are amphibious.
You can wear up to eight rings at the same time.
You can use your tentacles to constrict eight enemies at once.
Your skin changes colour to match your surroundings (Stealth+).
Your rubbery body absorbs attacks. (AC +1, EV +1)
One of your tentacles bears a large vicious spike.


Message History

You see here an arrow.
The adder bites you.
Casting: Beastly Appendage (safe; 5% risk of failure)
Confirm with . or Enter, or press ? or * to list all spells.
One of your tentacles grows a vicious spike.
The adder closely misses you. The adder barely misses you.
You closely miss the adder. Your grab misses the adder.
Your squeeze misses the adder. The adder misses you.
You closely miss the adder. You grab the adder. You squeeze the adder!
The adder is almost dead.
You constrict the adder.
You kill the adder!
The centaur shoots an arrow.
The arrow hits you.
The centaur shoots an arrow.
The arrow hits you!
Ouch! That really hurt!
* * * LOW HITPOINT WARNING * * *
Unknown command.
You feel yourself speed up.
The centaur shoots an arrow.
The arrow hits you!!
Ouch! That really hurt!
You die...

#........#.#.#
#........#.#.#
#........#.#.####
#....#......#
.........##.#
##..##..# # #.
#..# # #..####
#..@†c# #.###.#
#.###.#
####.[...#
#.÷.(....#
#.......c#
#........#####
#......(.....#
#.....(......#


You could see a centaur.

Vanquished Creatures
  2 adders (D:2)
  2 worms (D:2)
  2 dart slugs (D:1)
  A leopard gecko (D:1)
  A giant cockroach (D:1)
  4 goblins
  5 hobgoblins
  7 jackals (D:1)
  11 bats
  4 frilled lizards
  6 kobolds
  8 rats
53 creatures vanquished.

Notes
Turn   | Place    | Note
-------+----------+-------------------------------------------
     0 | D:1      | ohad the Octopode Transmuter began the quest for the Orb.
     0 | D:1      | Reached XP level 1. HP: 13/13 MP: 3/3
   305 | D:1      | Reached XP level 2. HP: 14/18 MP: 5/5
   609 | D:1      | Learned a level 2 spell: Sticks to Snakes
   618 | D:1      | Reached XP level 3. HP: 23/23 MP: 5/7
   707 | D:1      | Learned a level 3 spell: Spider Form
  1419 | D:2      | Reached XP level 4. HP: 16/28 MP: 6/8
  1667 | D:2      | Noticed a centaur
  1682 | D:2      | HP: 1/28 [centaur/arrow (15)]
  1683 | D:2      | Shot with an arrow by a centaur

Levels and vault maps discovered:
D:1:      elethiomel_arrival_diamonds, layout_basic
D:2:      layout_basic, kennysheep_potato

Skill      XL: |  1  2  3 |
---------------+----------+-----
Spellcasting   | 3 |  3.0
Transmutations | 3 |  3.0
Fighting       | |  1.4
Dodging        | |  2.3
Unarmed Combat | |  3.3

Action                   |  1- 3 |  4- 6 || total
-------------------------+-------+-------++-------
Melee: Unarmed           |    90 |       ||    90
       Constrict         |    27 |     2 ||    29
       Tentacles         |    11 |     1 ||    12
       Kick              |    12 |       ||    12
       Dagger            |    22 |     9 ||    31
 Cast: Beastly Appendage |     8 |     1 ||     9
  Use: Scroll            |     2 |       ||     2
       Potion            |       |     1 ||     1
 Stab: Sleeping          |    10 |     2 ||    12
  Eat: Chunk             |     2 |     1 ||     3
Armor: Skin              |    11 |       ||    11
Dodge: Dodged            |    69 |     9 ||    78

Table legend:
 A = Non-vault XP
 B = Vault XP
 C = Vault XP percentage of total XP
 D = Non-vault monster count
 E = Vault monster count
 F = Vault count percentage of total count
                 A         B        C        D         E       F
            +---------+---------+-------+---------+---------+-------
      Total |     107 |       9 |   7.8 |      45 |       8 |  15.1
            +---------+---------+-------+---------+---------+-------
        D:1 |      58 |       8 |  12.1 |      32 |       7 |  17.9
        D:2 |      49 |       1 |   2.0 |      13 |       1 |   7.1
            +---------+---------+-------+---------+---------+-------
